 Dungeon Crawl Stone Soup version 0.30.1-4-g462c640d31 (webtiles) character file.

Game seed: 3469695364070040298

1040 arthad the Chopper (level 8, -2/42 HPs)
             Began as a Vine Stalker Berserker on Aug 26, 2023.
             Was a Believer of Trog.
             Slain by an orc warrior
             ... wielding a +0 halberd
              (7 damage)
             ... on level 5 of the Dungeon.
             The game lasted 00:09:01 (3815 turns).

arthad the Chopper (Vine Stalker Berserker)         Turns: 3815, Time: 00:09:02

Health: -2/42      AC: 12    Str: 23    XL:     8   Next: 24%
Magic:  0/9        EV: 10    Int: 13    God:    Trog [**....]
Gold:   267        SH:  0    Dex: 13    Spells: 7/7 levels left

rFire   . . .        q - +0 war axe
rCold   + . .        (no shield)
rNeg    . . .        E - +2 chain mail {rC+}
rPois   .            (no helmet)
rElec   .            s - +0 cloak
rCorr   .            (no gloves)
SInv    .            (no boots)
Will    +....        (no amulet) Stlth
                     A - +6 ring of intelligence
HPRegen 1.07/turn    (no ring)
MPRegen 0.11/turn

%: guardian spirit
@: on berserk cooldown, slowed, very slow
A: fangs 3, regeneration 1, magic shield, antimagic bite, no potion heal 2
a: Renounce Religion, Berserk, Trog's Hand


You were on level 5 of the Dungeon.
You worshipped Trog.
Trog was pleased with you.
You visited 1 branch of the dungeon, and saw 5 of its levels.

You collected 267 gold pieces.

Inventory:

Hand Weapons
 a - a +0 hand axe
 q - a +0 war axe (weapon)
 r - a +4 quarterstaff of chaos
Missiles
 B - 3 poisoned darts (quivered)
Armour
 b - a +0 animal skin
 m - a +1 leather armour of cold resistance
 s - a +0 cloak (worn)
 u - a +1 leather armour of poison resistance
 E - a +2 chain mail of cold resistance (worn)
Jewellery
 A - a +6 ring of intelligence (left hand)
Wands
 t - a wand of mindburst (5)
 x - a wand of quicksilver (7)
Scrolls
 c - 2 scrolls of teleportation
 e - 3 scrolls of identify {unknown}
 g - a scroll of noise {unknown}
 h - a scroll of immolation {unknown}
 k - a scroll of magic mapping {unknown}
 l - 2 scrolls of fog {unknown}
 p - a scroll of amnesia {unknown}
 v - a scroll of torment {unknown}
 w - a scroll of fear {unknown}
 y - a scroll of enchant weapon {unknown}
 D - a scroll of poison {unknown}
 G - a scroll of vulnerability {unknown}
 I - a scroll of silence {unknown}
Potions
 d - a potion of invisibility {unknown}
 f - 3 potions of curing {unknown}
 i - 2 potions of heal wounds {unknown}
 j - 2 potions of flight {unknown}
 n - a potion of mutation {unknown}
 o - a potion of might {unknown}
 z - a potion of resistance {unknown}
 C - 2 potions of berserk rage {unknown}
 F - a potion of attraction {unknown}
 H - a potion of brilliance {unknown}


   Skills:
 * Level 4.9 Fighting
 * Level 4.9 Axes
 * Level 3.9 Armour
 * Level 4.0 Dodging
 + Level 1.8 Evocations


You had 7 spell levels left.
You didn't know any spells.
Your spell library contained the following spells:

 Spells                   Type           Power      Damage    Failure   Level
 Foxfire                  Conj/Fire      0%         2x1d4     88%         1
 Summon Small Mammal      Summ           0%         N/A       88%         1
 Call Canine Familiar     Summ           0%         N/A       99%         3
 Ozocubu's Armour         Ice            0%         N/A       99%         3
 Portal Projectile        Hex/Tloc       0%         N/A       99%         3
 Summon Guardian Golem    Hex/Summ       0%         N/A       99%         3
 Tukima's Dance           Hex            0%         N/A       99%         3
 Vhi's Electric Charge    Tloc/Air       0%         N/A       99%         3
 Arcjolt                  Conj/Air       0%         1d10      100%        5
 Blade Hands              Tmut           0%         N/A       100%        5
 Fireball                 Conj/Fire      0%         3d3       100%        5
 Plasma Beam              Fire/Air       0%         2x1d11    100%        6
 Starburst                Conj/Fire      0%         6d3       100%        6
 Ozocubu's Refrigeration  Ice            0%         4d7       100%        7
 Maxwell's Capacitive Co  Air            0%         ∞         100%        8


Dungeon Overview and Level Annotations

Branches:
Dungeon (5/15)             Temple (0/1) D:4

Altars:
Kikubaaqudgha
Okawaru
Uskayaw
Xom
The Shining One

Annotations:
D:4 Natasha


Innate Abilities, Weirdness & Mutations

You have razor-sharp teeth.
Your natural rate of healing is unusually fast.
When hurt, damage is shared between your health and your magic reserves.
Your bite disrupts and absorbs the magic of your enemies.
Potions cannot restore your health.


Message History

An orc wizard comes into view. It is wielding a +0 dagger.
You closely miss the orc warrior. Your bite misses the orc warrior.
You barely miss the orc. You closely miss the orc. The orc closely misses you.
The orc hits you but does no damage.
The orc warrior hits you but does no damage.
The orc wizard gestures wildly while chanting.
The orc wizard flickers and vanishes!
Deactivating autopickup; reactivate with Ctrl-A.
The orc misses you. The orc barely misses you.
The orc warrior hits you with a +0 halberd.
An orc comes into view. It is wielding a +0 whip.
You hear a shout! x2
The orc shouts!
You hit the orc warrior but do no damage.
You hit the orc. x2; The orc barely misses you.
The orc hits you but does no damage.
The orc warrior hits you with a +0 halberd!
An orc comes into view. It is wielding a +0 hand axe.
The orc warrior barely misses you.
An orc comes into view. It is wielding a +0 dagger.
An orc comes into view. It is wielding a +0 short sword.
The orc shouts!
You hit the orc warrior.
The orc warrior is lightly wounded.
You hit the orc warrior.
You hit the orc wizard but do no damage.
Your skin stops crawling.
You feel less strong-willed. The orc warrior closely misses you.
The orc wizard hits you but does no damage.
The orc warrior hits you with a +0 halberd!
An orc priest comes into view.
It is wielding a +2 dagger of electrocution.
The orc warrior hits you with a +0 halberd!
The orc wizard casts a spell at you. The puff of flame misses you.
The orc warrior hits you with a +0 war axe!
* * * LOW HITPOINT WARNING * * *
You are too injured to fight recklessly!
The orc warrior attacks as you move away!
The orc warrior hits you with a +0 halberd!
You die... ..#..###.#### ###.# #...÷.†.....#.o.....#...# ##.#........#.......#...# ##.#####.####.8oo.8.##..# .........##.#...oo.. #..# ##.####.....##.oooo# #..# #.####.###.##8o.o8# #..# #.#........# #ooo#

##..# #.#........##
#@####...# ##.#.........#
#.)..#...# #............#
###..#...# #...[........#
#........##
#.##.........###.........#
#.##.....................#
#.#####..##.###..).......#
#.#####..##.# #..........#
#....##.....# #..........#


You could see 2 orc warriors, an orc priest (wandering), 2 orc wizards and 9
orcs.

Vanquished Creatures
  Eustachio (D:4)
  A black bear (D:5)
  2 ogres
  3 scorpions (D:5)
  A howler monkey (D:4)
  A hound (D:5)
  A jelly (D:3)
  Crazy Yiuf (D:3)
  Ijyb (D:4)
  2 iguanas (D:5)
  Natasha (D:4)
  4 gnolls (D:3)
  8 adders
  A white imp (D:5)
  2 worms
  A dart slug (D:1)
  12 orcs
  7 bats
  3 endoplasms
  4 giant cockroaches
  6 goblins
  7 hobgoblins
  6 jackals
  13 kobolds
  7 quokkas
  6 ball pythons
  A frilled lizard (D:2)
  7 rats
110 creatures vanquished.

Notes
Turn   | Place    | Note
-------+----------+-------------------------------------------
     0 | D:1      | arthad the Vine Stalker Berserker began the quest for the
                  | Orb.
     0 | D:1      | Reached XP level 1. HP: 11/11 MP: 2/2
   118 | D:1      | Reached XP level 2. HP: 16/16 MP: 3/3
   526 | D:1      | Reached XP level 3. HP: 18/20 MP: 4/4
   892 | D:2      | Found a shimmering altar of Xom.
  1662 | D:2      | Gained mutation: Your natural rate of healing is unusually
                  | fast. [Vine Stalker growth]
  1662 | D:2      | Reached XP level 4. HP: 11/24 MP: 5/5
  1864 | D:3      | Reached ** piety under Trog
  1900 | D:3      | Reached XP level 5. HP: 26/28 MP: 3/6
  2002 | D:3      | Found an ancient bone altar of Kikubaaqudgha.
  2316 | D:3      | Found a runed translucent door.
  2317 | D:3      | Noticed Crazy Yiuf
  2433 | D:3      | Killed Crazy Yiuf
  2478 | D:4      | Noticed Ijyb
  2489 | D:4      | Killed Ijyb
  2490 | D:4      | Reached XP level 6. HP: 30/33 MP: 2/7
  2551 | D:4      | Noticed Natasha
  2563 | D:4      | Killed Natasha
  2603 | D:4      | Noticed Natasha
  2702 | D:4      | Noticed Eustachio
  2707 | D:4      | Killed Eustachio
  2708 | D:4      | Reached XP level 7. HP: 37/37 MP: 8/8
  2716 | D:4      | Found a staircase to the Ecumenical Temple.
  2826 | D:4      | Found an iron altar of Okawaru.
  2979 | D:4      | Reached skill level 1 in Evocations
  3004 | D:4      | Found a hide-covered altar of Uskayaw.
  3076 | D:5      | Entered Level 5 of the Dungeon
  3250 | D:5      | Found a runed translucent door.
  3330 | D:5      | Gained mutation: You have razor-sharp teeth. [Vine Stalker
                  | growth]
  3330 | D:5      | Reached XP level 8. HP: 36/42 MP: 7/9
  3389 | D:5      | Found a glowing golden altar of the Shining One.
  3815 | D:5      | Slain by an orc warrior

Illustrated notes

Levels and vault maps discovered:
D:1:      spicycebolla_arrival_ecumenical, layout_loops_cross
D:2:      layout_basic, basic_altar
D:3:      layout_rooms, amcnicky_altar_gilded, uniq_crazy_yiuf_cottage
D:4:      layout_cave_pools, nicolae_overflow_hidden_temple,
          mainiacjoe_overflow_surrounded_room, minmay_temple_entry_large_hall,
          corexii_checkpoint_a, uniq_eustachio, uniq_natasha, uniq_ijyb
D:5:      layout_loops_ring, nicolae_tso_carved_into_rock,
          lightli_church_of_beogh

Skill      XL: |  1  2  3  4  5  6  7  8 |
---------------+-------------------------+-----
Fighting       | 3 4 |  4.9
Axes           | 3 4 |  4.9
Armour         | 2 3 |  3.9
Dodging        | 2 3 4 |  4.0
Evocations     | 1 |  1.8

Action                     |  1- 3 |  4- 6 |  7- 9 || total
---------------------------+-------+-------+-------++-------
  Melee: Hand axe          |    97 |    51 |       ||   148
         Bite              |    17 |    24 |    22 ||    63
         Punch             |     1 |     1 |     2 ||     4
         War axe           |       |    52 |    81 ||   133
  Throw: Dart              |       |       |     2 ||     2
 Invoke: Berserk           |     1 |     5 |     3 ||     9
         Trog's Hand       |       |     2 |     2 ||     4
  Evoke: Wand              |       |     5 |       ||     5
    Use: Scroll            |       |     1 |       ||     1
   Stab: Sleeping          |     1 |       |       ||     1
 Armour: Animal skin       |    15 |     6 |       ||    21
         Leather armour    |       |    29 |    22 ||    51
         Chain mail        |       |       |    18 ||    18
  Dodge: Dodged            |    73 |    82 |    66 ||   221
